AZL
CHICAGO A (AZL) WHITE SOX @ SEATTLE (AZL) MARINERS
08/23/2099
 
TOP OF THE 1ST
Chicago A (AZL) White Sox batting - Pitching for Seattle (AZL) Mariners : RHP Hugo Vargas
Pitching: RHP Hugo Vargas
Batting: RHB Kyle Allen 0-0: Swinging Strike
0-1: Called Strike
0-2: Fly out, F9 (Line Drive, 9S, EV 88.1 MPH)
Batting: LHB Cody Kopas 0-0: Ball
1-0: SINGLE (Flyball, 7LS, EV 93.1 MPH)
Batting: LHB Todd Feagin 0-0: DOUBLE (Flyball, 89D, EV 95.0 MPH)
Cody Kopas to third
Runner from 3rd tries for Home, SAFE, no throw by CF
Batting: LHB Kyle Young 0-0: Ball
1-0: Hit by Pitch
Batting: LHB Bryan Singer 0-0: Called Strike
0-1: Ball
1-1: Ball
2-1: Ball
3-1: SINGLE (Groundball, 34D, EV 98.1 MPH)
Todd Feagin to third
Kyle Young to second
Runner from 3rd tries for Home, SAFE, throw by RF to home
Batting: RHB Bryan Peters 0-0: Ball
1-0: Foul Ball, location: 2F
1-1: Ball
2-1: Swinging Strike
2-2: Ball
3-2: SINGLE (Line Drive, 9S, EV 94.4 MPH)
Kyle Young to third
Bryan Singer to second
Runner from 3rd tries for Home, SAFE, throw by RF to home
Batting: RHB Tom Finger 0-0: Swinging Strike
0-1: Foul Ball, location: 2F
0-2: 3-RUN HOME RUN (Flyball, 7D, EV 109.4 MPH), Distance : 415 ft
Batting: RHB Josh Lane 0-0: Ball
1-0: Swinging Strike
1-1: Ball
2-1: Called Strike
2-2: Foul Ball, location: 2F
2-2: Fly out, F4 (Line Drive, 34D, EV 71.9 MPH)
Batting: RHB David Daly 0-0: Ball
1-0: Ball
2-0: Ball
3-0: Called Strike
3-1: Base on Balls
Pitching: LHP Adolfo Corsini
Batting: RHB Kyle Allen 0-0: Ball
1-0: Foul Ball, location: 9LDF
1-1: Ball
2-1: Foul Ball, location: 9LSF
2-2: Foul Ball, location: 5DF
2-2: Strikes out swinging
Top of the 1st over - 6 runs, 5 hits, 0 errors, 1 left on base; Chicago A (AZL) 6 - Seattle (AZL) 0
BOTTOM OF THE 1ST
Seattle (AZL) Mariners batting - Pitching for Chicago A (AZL) White Sox : RHP Chris Guenther
Pitching: RHP Chris Guenther
Batting: RHB Elliot Keefe 0-0: Swinging Strike
0-1: Ball
1-1: Ground out 4-3 (Groundball, 4MD, EV 94.4 MPH)
Batting: RHB Matt Augustin 0-0: Called Strike
0-1: Ball
1-1: Ball
2-1: Swinging Strike
2-2: Ball
3-2: Foul Ball, location: 23F
3-2: SINGLE (Groundball, 56D, EV 96.3 MPH)
Batting: LHB Steven Barber 0-0: Fly out, F8 (Flyball, 78D, EV 97.5 MPH)
Batting: LHB Carlos Dominguez 0-0: Ball
1-0: Ball
2-0: Foul Ball, location: 7LSF
2-1: DOUBLE (Groundball, 5L, EV 96.9 MPH)
Matt Augustin to third
Batting: LHB Robby Horta 0-0: Fly out, F5 (Popup, 5S, EV 73.1 MPH)
Bottom of the 1st over - 0 runs, 2 hits, 0 errors, 2 left on base; Chicago A (AZL) 6 - Seattle (AZL) 0
TOP OF THE 2ND
Chicago A (AZL) White Sox batting - Pitching for Seattle (AZL) Mariners : LHP Adolfo Corsini
Batting: LHB Cody Kopas 0-0: Ground out 5-3 (Groundball, 56, EV 90.6 MPH)
Batting: LHB Todd Feagin 0-0: Foul Ball, location: 2F
0-1: Ground out U3 (Groundball, 34, EV 81.3 MPH)
Batting: LHB Kyle Young 0-0: Called Strike
0-1: Ball
1-1: Called Strike
1-2: Foul Ball, location: 2F
1-2: Fly out, F8 (Flyball, 8LD, EV 93.1 MPH)
Top of the 2nd over - 0 runs, 0 hits, 0 errors, 0 left on base; Chicago A (AZL) 6 - Seattle (AZL) 0
BOTTOM OF THE 2ND
Seattle (AZL) Mariners batting - Pitching for Chicago A (AZL) White Sox : RHP Chris Guenther
Batting: LHB Randy Van Reenen 0-0: SINGLE (Groundball, 4MD, EV 94.4 MPH)
Batting: LHB Cliff Leonelli 0-0: Called Strike
0-1: 2-RUN HOME RUN (Flyball, 9LD, EV 98.1 MPH), Distance : 364 ft
Batting: RHB Kris Rozen 0-0: Called Strike
0-1: Ground out 6-3 (Groundball, 6M, EV 86.3 MPH)
Batting: LHB Tommy MacBeth 0-0: Foul Ball, location: 3SF
0-1: Ball
1-1: Fly out, F9 (Flyball, 9S, EV 85.0 MPH)
Batting: RHB Elliot Keefe 0-0: Ball
1-0: Ground out 3-1 (Groundball, 34, EV 90.6 MPH)
Bottom of the 2nd over - 2 runs, 2 hits, 0 errors, 0 left on base; Chicago A (AZL) 6 - Seattle (AZL) 2
TOP OF THE 3RD
Chicago A (AZL) White Sox batting - Pitching for Seattle (AZL) Mariners : LHP Adolfo Corsini
Batting: LHB Bryan Singer 0-0: Called Strike
0-1: Ball
1-1: Called Strike
1-2: Ground out U3 (Groundball, 34, EV 105.0 MPH)
Batting: RHB Bryan Peters 0-0: Fly out, F7 (Line Drive, 7, EV 91.3 MPH)
Batting: RHB Tom Finger 0-0: SINGLE (Groundball, 56D, EV 96.3 MPH)
Batting: RHB Josh Lane 0-0: SINGLE (Groundball, 4MD, EV 102.5 MPH)
Tom Finger to second
Batting: RHB David Daly 0-0: Fly out, F8 (Flyball, 8LS, EV 90.6 MPH)
Top of the 3rd over - 0 runs, 2 hits, 0 errors, 2 left on base; Chicago A (AZL) 6 - Seattle (AZL) 2
BOTTOM OF THE 3RD
Seattle (AZL) Mariners batting - Pitching for Chicago A (AZL) White Sox : RHP Chris Guenther
Batting: RHB Matt Augustin 0-0: Ball
1-0: Foul Ball, location: 3FF
1-1: Foul Ball, location: 9LSF
1-2: Strikes out swinging
Batting: LHB Steven Barber 0-0: Called Strike
0-1: Ball
1-1: Called Strike
1-2: Foul Ball, location: 25F
1-2: Ball
2-2: Strikes out swinging
Batting: LHB Carlos Dominguez 0-0: Called Strike
0-1: Called Strike
0-2: Foul Ball, location: 23FF
0-2: Ball
1-2: Ball
2-2: Ball
3-2: SINGLE (Line Drive, 8RS, EV 98.8 MPH)
Batting: LHB Robby Horta 0-0: Fly out, F9 (Flyball, 9LS, EV 85.0 MPH)
Bottom of the 3rd over - 0 runs, 1 hit, 0 errors, 1 left on base; Chicago A (AZL) 6 - Seattle (AZL) 2
TOP OF THE 4TH
Chicago A (AZL) White Sox batting - Pitching for Seattle (AZL) Mariners : LHP Adolfo Corsini
Batting: RHB Kyle Allen 0-0: Ball
1-0: Swinging Strike
1-1: Ball
2-1: Foul Ball, location: 2F
2-2: Strikes out looking
Batting: LHB Cody Kopas 0-0: Ground out U3 (Groundball, 3, EV 103.8 MPH)
Batting: LHB Todd Feagin 0-0: Ground out 4-3 (Groundball, 4, EV 81.3 MPH)
Top of the 4th over - 0 runs, 0 hits, 0 errors, 0 left on base; Chicago A (AZL) 6 - Seattle (AZL) 2
BOTTOM OF THE 4TH
Seattle (AZL) Mariners batting - Pitching for Chicago A (AZL) White Sox : RHP Chris Guenther
Batting: LHB Randy Van Reenen 0-0: Foul Ball, location: 7LMF
0-1: Ball
1-1: Ball
2-1: Swinging Strike
2-2: Ball
3-2: Base on Balls
Batting: LHB Cliff Leonelli 0-0: DOUBLE (Flyball, 8RD, EV 95.0 MPH)
Randy Van Reenen to third
Batting: RHB Kris Rozen 0-0: Ball
1-0: Called Strike
1-1: Ball
2-1: Ball
3-1: Called Strike
3-2: Strikes out swinging
Batting: LHB Tommy MacBeth 0-0: Fly out, F7 (Flyball, 78M, EV 93.1 MPH)
Batting: RHB Elliot Keefe 0-0: Called Strike
0-1: DOUBLE (Flyball, 78XD, EV 105.6 MPH)
Randy Van Reenen scores
Cliff Leonelli scores
Batting: RHB Matt Augustin 0-0: SINGLE (Line Drive, 8RS, EV 93.8 MPH)
Elliot Keefe to third
Runner from 3rd tries for Home, SAFE, throw by CF to home
Pitching: RHP Frank Flores
Pinch Hitting: SHB Mike Ervin 0-0: Ball
Matt Augustin is caught stealing 2nd base 2-6
Bottom of the 4th over - 3 runs, 3 hits, 0 errors, 0 left on base; Chicago A (AZL) 6 - Seattle (AZL) 5
TOP OF THE 5TH
Chicago A (AZL) White Sox batting - Pitching for Seattle (AZL) Mariners : LHP Adolfo Corsini
Now at SS: Mançio Neuparth
Batting: LHB Kyle Young 0-0: Foul Ball, location: 3DF
0-1: Foul Ball, location: 2F
0-2: Strikes out swinging
Batting: LHB Bryan Singer 0-0: Swinging Strike
0-1: Ball
1-1: Swinging Strike
1-2: Foul Ball, location: 2F
1-2: Ball
2-2: SINGLE (Line Drive, 7S, EV 105.0 MPH)
Batting: RHB Bryan Peters 0-0: Ball
1-0: Ground out 5-3 (Groundball, 56S, EV 80.6 MPH)
Bryan Singer to second
Batting: RHB Tom Finger 0-0: Hit by Pitch
Batting: RHB Josh Lane 0-0: Ball
1-0: SINGLE (Groundball, 4MD, EV 93.8 MPH)
Bryan Singer to third
Tom Finger to second
Runner from 3rd tries for Home, SAFE, throw by CF to home
Batting: RHB David Daly 0-0: Ball
1-0: Called Strike
1-1: Swinging Strike
1-2: Ball
2-2: Foul Ball, location: 9LDF
2-2: Foul Ball, location: 3DF
2-2: Strikes out swinging
Top of the 5th over - 1 run, 2 hits, 0 errors, 2 left on base; Chicago A (AZL) 7 - Seattle (AZL) 5
BOTTOM OF THE 5TH
Seattle (AZL) Mariners batting - Pitching for Chicago A (AZL) White Sox : RHP Frank Flores
Pinch Hitting: RHB Mike Bynum 0-0: Called Strike
0-1: Foul Ball, location: 9LDF
0-2: Ball
1-2: SINGLE (Line Drive, 9S, EV 100.6 MPH)
Batting: LHB Carlos Dominguez 0-0: Called Strike
0-1: Ball
1-1: Swinging Strike
1-2: Foul Ball, location: 5DF
1-2: Ball
2-2: Ball
3-2: Strikes out swinging
Pinch Hitting: LHB Dustin Boyd 0-0: Called Strike
0-1: DOUBLE (Line Drive, 89XD, EV 108.1 MPH)
Mike Bynum to third
Batting: LHB Randy Van Reenen 0-0: Foul Ball, location: 7LSF
0-1: Foul Ball, location: 2F
0-2: Strikes out swinging
Pinch Hitting: LHB Vic Soto 0-0: Ball
1-0: Swinging Strike
1-1: SINGLE (Flyball, 9LS, EV 96.9 MPH)
Mike Bynum scores
Dustin Boyd to third
Runner from 3rd tries for Home, SAFE, throw by RF to home
Vic Soto to second
Batting: RHB Hanno Kierkegaard 0-0: Foul Ball, location: 9LSF
0-1: Foul Ball, location: 7LSF
0-2: Hit by Pitch
Batting: LHB Tommy MacBeth 0-0: Ball
1-0: Called Strike
1-1: Ball
2-1: Fly out, F9 (Flyball, 9, EV 85.0 MPH)
Bottom of the 5th over - 2 runs, 3 hits, 0 errors, 2 left on base; Chicago A (AZL) 7 - Seattle (AZL) 7
TOP OF THE 6TH
Chicago A (AZL) White Sox batting - Pitching for Seattle (AZL) Mariners : LHP Adolfo Corsini
Now at 2B: Chris Coolidge
Now at SS: Calisto Schroeter
Now in LF: Mike Bynum
Pinch Hitting: RHB D.J. Kallok 0-0: Ball
1-0: Foul Ball, location: 3F
1-1: DOUBLE (Line Drive, 7LS, EV 92.5 MPH)
Pitching: LHP Jeremy Arp
Batting: LHB Cody Kopas 0-0: Called Strike
0-1: Fly out, F6 (Popup, 56, EV 78.8 MPH)
Batting: LHB Todd Feagin 0-0: Intentional Walk
Batting: LHB Kyle Young 0-0: Swinging Strike
0-1: Ball
1-1: Swinging Strike
1-2: Strikes out swinging
Pinch Hitting: RHB Dillon Geyer 0-0: Swinging Strike
0-1: Ball
1-1: Called Strike
1-2: Ball
2-2: TRIPLE (Line Drive, 78XD, EV 106.3 MPH)
D.J. Kallok scores
Todd Feagin scores
Batting: RHB Bryan Peters 0-0: Ball
1-0: Ball
2-0: Ball
3-0: Base on Balls
Batting: RHB Tom Finger 0-0: Foul Ball, location: 2F
0-1: Ball
1-1: Swinging Strike
1-2: Ball
2-2: Ball
3-2: 3-RUN HOME RUN (Flyball, 7LD, EV 89.4 MPH), Distance : 346 ft
Pitching: RHP Roberto Moya
Batting: RHB Josh Lane 0-0: Called Strike
0-1: Foul Ball, location: 2F
0-2: Strikes out swinging
Top of the 6th over - 5 runs, 3 hits, 0 errors, 0 left on base; Chicago A (AZL) 12 - Seattle (AZL) 7
BOTTOM OF THE 6TH
Seattle (AZL) Mariners batting - Pitching for Chicago A (AZL) White Sox : RHP Frank Flores
Now at 1B: Van Price
Now at 3B: Juan Turcio
Batting: RHB Elliot Keefe 0-0: Called Strike
0-1: Ball
1-1: Ground out 6-3 (Groundball, 6, EV 87.5 MPH)
Batting: RHB Matt Augustin 0-0: Ball
1-0: Ball
2-0: Swinging Strike
2-1: Swinging Strike
2-2: Ball
3-2: Foul Ball, location: 2F
3-2: SINGLE (Line Drive, 8RS, EV 92.5 MPH)
Batting: RHB Mike Bynum 0-0: Foul Ball, location: 2F
0-1: DOUBLE (Flyball, 8LXD, EV 97.5 MPH)
Matt Augustin to third
Runner from 3rd tries for Home, SAFE, throw by CF to home
Pitching: RHP Chad Blechle
Batting: LHB Carlos Dominguez 0-0: Ball
1-0: Fly out, F7 (Line Drive, 7, EV 85.6 MPH)
Pinch Hitting: RHB Jorge Rodriguez 0-0: Ball
1-0: Ball
2-0: Ball
3-0: Base on Balls
Batting: LHB Randy Van Reenen 0-0: Ball
1-0: Ball
2-0: Foul Ball, location: 7LMF
2-1: Fielders Choice at 2nd, U4 (Groundball, 4M, EV 104.4 MPH)
Bottom of the 6th over - 1 run, 2 hits, 0 errors, 2 left on base; Chicago A (AZL) 12 - Seattle (AZL) 8
TOP OF THE 7TH
Chicago A (AZL) White Sox batting - Pitching for Seattle (AZL) Mariners : RHP Roberto Moya
Now at SS: Nestor Cortez
Batting: RHB David Daly 0-0: Called Strike
0-1: Ground out 5-3 (Groundball, 5, EV 89.4 MPH)
Batting: RHB Juan Turcio 0-0: Called Strike
0-1: Foul Ball, location: 25FF
0-2: Strikes out swinging
Batting: LHB Cody Kopas 0-0: Ball
1-0: Ball
2-0: SINGLE (Groundball, 34D, EV 96.3 MPH)
Batting: LHB Todd Feagin 0-0: Called Strike
0-1: Foul Ball, location: 2F
0-2: Ball
1-2: Ball
2-2: Strikes out swinging
Top of the 7th over - 0 runs, 1 hit, 0 errors, 1 left on base; Chicago A (AZL) 12 - Seattle (AZL) 8
BOTTOM OF THE 7TH
Seattle (AZL) Mariners batting - Pitching for Chicago A (AZL) White Sox : RHP Chad Blechle
Pinch Hitting: LHB Greg Garcia 0-0: Ball
1-0: Ball
2-0: Called Strike
2-1: DOUBLE (Line Drive, 89D, EV 106.3 MPH)
Batting: RHB Hanno Kierkegaard 0-0: Called Strike
0-1: Ball
1-1: SINGLE (Groundball, 6MD, EV 100.0 MPH)
Greg Garcia to third
Batting: LHB Tommy MacBeth 0-0: Grounds into double play, 4-6-3 (Groundball, 4, EV 85.6 MPH)
Greg Garcia scores
Batting: RHB Elliot Keefe 0-0: SINGLE (Groundball, 34D, EV 102.5 MPH)
Batting: RHB Matt Augustin 0-0: Called Strike
0-1: Ball
1-1: Called Strike
1-2: Ball
2-2: Ball
3-2: Base on Balls
Elliot Keefe to second
Batting: RHB Mike Bynum 0-0: Called Strike
0-1: Foul Ball, location: 23F
0-2: Ball
1-2: Ball
2-2: Ball
3-2: Base on Balls
Elliot Keefe to third
Matt Augustin to second
Pitching: LHP Felix Kwarten
Batting: LHB Carlos Dominguez 0-0: Called Strike
0-1: Swinging Strike
0-2: Strikes out swinging
Bottom of the 7th over - 1 run, 3 hits, 0 errors, 3 left on base; Chicago A (AZL) 12 - Seattle (AZL) 9
TOP OF THE 8TH
Chicago A (AZL) White Sox batting - Pitching for Seattle (AZL) Mariners : RHP Roberto Moya
Now at 2B: Andres Mendoza
Batting: LHB Kyle Young 0-0: SINGLE (Line Drive, 89S, EV 93.1 MPH)
Pinch Hitting: LHB Dennis Larson 0-0: Foul Ball, location: 3SF
0-1: Ball
1-1: Ball
2-1: Ball
3-1: Base on Balls
Kyle Young to second
Batting: RHB Bryan Peters 0-0: Called Strike
0-1: Ball
1-1: SINGLE (Groundball, 4MS, EV 68.1 MPH) (infield hit)
Kyle Young to third
Dennis Larson to second
Batting: SHB Jon Babinec 0-0: Fly out, F7 (Line Drive, 78D, EV 95.6 MPH)
Runner from 3rd tags up, SCORES, no throw by LF
Pinch Hitting: LHB Joey Owens 0-0: Fly out, F7 (Flyball, 78D, EV 106.3 MPH)
Batting: RHB David Daly 0-0: Ball
1-0: Foul Ball, location: 2F
1-1: Called Strike
1-2: Ball
2-2: Foul Ball, location: 2F
2-2: Foul Ball, location: 2F
2-2: Strikes out swinging
Top of the 8th over - 1 run, 2 hits, 0 errors, 2 left on base; Chicago A (AZL) 13 - Seattle (AZL) 9
BOTTOM OF THE 8TH
Seattle (AZL) Mariners batting - Pitching for Chicago A (AZL) White Sox : LHP Felix Kwarten
Pitching: RHP Eddie Dodson
Now at 1B: Edward Tufts
Now at 2B: Cory Porter
Batting: RHB Nestor Cortez 0-0: SINGLE (Line Drive, 34, EV 101.3 MPH)
Batting: LHB Randy Van Reenen 0-0: Foul Ball, location: 23F
0-1: Fly out, F9 (Flyball, 9, EV 93.8 MPH)
Batting: RHB Andres Mendoza 0-0: SINGLE (Line Drive, 78S, EV 91.3 MPH)
Nestor Cortez to second
Batting: LHB Luis Acosta 0-0: Ball
1-0: Called Strike
1-1: Ball
2-1: SINGLE (Line Drive, 6D, EV 99.4 MPH)
Nestor Cortez to third
Andres Mendoza to second
Batting: LHB Tommy MacBeth 0-0: Ball
1-0: SINGLE (Line Drive, 89S, EV 84.4 MPH)
Nestor Cortez scores
Andres Mendoza to third
Luis Acosta to second
Batting: RHB Elliot Keefe 0-0: Grounds into fielders choice 6-2 (Groundball, 6, EV 80.0 MPH)
Luis Acosta to third
Tommy MacBeth to second
Batting: RHB Matt Augustin 0-0: Fly out, F8 (Flyball, 8LS, EV 93.8 MPH)
Bottom of the 8th over - 1 run, 4 hits, 0 errors, 3 left on base; Chicago A (AZL) 13 - Seattle (AZL) 10
TOP OF THE 9TH
Chicago A (AZL) White Sox batting - Pitching for Seattle (AZL) Mariners : RHP Roberto Moya
Pitching: RHP Jorge Andrade
Pinch Hitting: LHB Justin Carp 0-0: Foul Ball, location: 2F
0-1: Foul Ball, location: 2F
0-2: Foul Ball, location: 7LSF
0-2: Ball
1-2: DOUBLE (Line Drive, 78XD, EV 108.1 MPH)
Batting: LHB Cody Kopas 0-0: Called Strike
0-1: Called Strike
0-2: Ball
1-2: Ball
2-2: Ball
3-2: Ground out 4-3 (Groundball, 4, EV 87.5 MPH)
Justin Carp to third
Batting: LHB Todd Feagin 0-0: Intentional Walk
Batting: LHB Kyle Young 0-0: Called Strike
0-1: Foul Ball, location: 9LMF
0-2: Ball
1-2: Ball
2-2: Fly out, F7 (Flyball, 78M, EV 93.1 MPH)
Runner from 3rd tags up, OUT at HOME! 7-2
Top of the 9th over - 0 runs, 1 hit, 0 errors, 1 left on base; Chicago A (AZL) 13 - Seattle (AZL) 10
BOTTOM OF THE 9TH
Seattle (AZL) Mariners batting - Pitching for Chicago A (AZL) White Sox : RHP Eddie Dodson
Now at 3B: Carlos Ramos
Batting: RHB Mike Bynum 0-0: Ball
1-0: Foul Ball, location: 2F
1-1: Ball
2-1: Ground out 6-3 (Groundball, 6, EV 85.6 MPH)
Batting: LHB Carlos Dominguez 0-0: Swinging Strike
0-1: Swinging Strike
0-2: Strikes out swinging
Pinch Hitting: RHB Chad Reedy 0-0: Ball
1-0: Swinging Strike
1-1: Called Strike
1-2: Foul Ball, location: 25FF
1-2: Foul Ball, location: 5SF
1-2: Ground out 6-3 (Groundball, 6, EV 83.8 MPH)
Bottom of the 9th over - 0 runs, 0 hits, 0 errors, 0 left on base; Chicago A (AZL) 13 - Seattle (AZL) 10
Wednesday, May 15th , 2024 - OOTP Baseball 24.11 Build 85